 Dungeon Crawl Stone Soup version 0.29-a0-609-gb56f46d856 (webtiles) character file.

Game seed: 15985920476542060210

3156 Nedwor the Slicer (level 9, -6/79 HPs)
             Began as a Minotaur Fighter on June 16, 2022.
             Was a Follower of Uskayaw.
             Killed from afar by a centaur (24 damage)
             ... with a bolt of light
             ... on level 8 of the Dungeon.
             The game lasted 00:08:49 (7513 turns).

Nedwor the Slicer (Minotaur Fighter)                Turns: 7513, Time: 00:08:49

Health: -6/79      AC: 11    Str: 20    XL:     9   Next: 62%
Magic:  8/8        EV:  7    Int:  5    God:    Uskayaw [*.....]
Gold:   351        SH: 17    Dex: 21    Spells: 8/8 levels left

rFire   . . .      SeeInvis .   m - +1 dagger (elec)
rCold   . . .      Faith    .   j - +0 tower shield
rNeg    . . .      Spirit   .   G - +0 chain mail
rPois   +          Reflect  .   (helmet restricted)
rElec   .          Harm     .   (no cloak)
rCorr   .          Rampage  .   (no gloves)
Will    .....                   l - +0 pair of boots
Stlth   ..........              (no amulet)
HPRegen 0.23/turn               r - +6 ring of dexterity
MPRegen 0.11/turn               z - ring of poison resistance

@: no status effects
A: horns 2, retaliatory headbutt
a: Renounce Religion, Stomp


You were on level 8 of the Dungeon.
You worshipped Uskayaw.
Uskayaw was noncommittal.
You visited 2 branches of the dungeon, and saw 9 of its levels.

You collected 351 gold pieces.

Inventory:

Hand Weapons
 a - a +0 long sword
 b - a +1 dagger of holy wrath
 m - a +1 dagger of electrocution (weapon)
 D - a +3 short sword
Missiles
 p - 2 throwing nets (quivered)
Armour
 j - a +0 tower shield (worn)
 l - a +0 pair of boots (worn)
 G - a +0 chain mail (worn)
Jewellery
 c - a ring of protection from cold
 i - a ring of magical power
 r - a +6 ring of dexterity (left hand)
 s - a ring of ice
 v - an amulet of faith
 z - a ring of poison resistance (right hand)
Wands
 A - a wand of light (19)
 E - a wand of paralysis (13)
 I - a wand of polymorph (12)
Scrolls
 e - 4 scrolls of fear
 f - a scroll of poison
 h - 6 scrolls of identify
 k - 2 scrolls of teleportation
 q - a scroll of magic mapping
 t - 2 scrolls of immolation {unknown}
 y - 3 scrolls of vulnerability
 B - a scroll of enchant weapon {unknown}
 F - a scroll of summoning {unknown}
 H - a scroll of fog
Potions
 d - 3 potions of might
 g - a potion of lignification
 n - 3 potions of berserk rage
 o - 4 potions of brilliance
 u - 2 potions of curing
 w - a potion of invisibility
 x - 2 potions of heal wounds {unknown}
 C - 2 potions of degeneration
 J - a potion of magic {unknown}


   Skills:
 + Level 7.3 Fighting
 * Level 8.0(8.3) Short Blades
 - Level 3.3(6.5) Long Blades
 + Level 7.3 Armour
 + Level 5.5 Dodging
 + Level 3.0 Stealth
 + Level 7.3 Shields


You had 8 spell levels left.
You didn't know any spells.
Your spell library contained the following spells:

 Spells                   Type           Power      Damage    Failure   Level
 Sandblast                Erth           0%         2d4       100%        1
 Passwall                 Tmut/Erth      0%         N/A       100%        2
 Stone Arrow              Conj/Erth      0%         3d7       100%        3
 Summon Lightning Spire   Summ/Air       0%         N/A       100%        4
 Alistair's Intoxication  Tmut/Pois      0%         N/A       100%        5
 Borgnjor's Vile Clutch   Necr/Erth      0%         N/A       100%        5
 Eringya's Noxious Bog    Tmut/Pois      0%         N/A       100%        6
 Storm Form               Tmut/Air       0%         N/A       100%        7
 Maxwell's Capacitive Co  Air            0%         ∞         100%        8


Dungeon Overview and Level Annotations

Branches:
Dungeon (8/15)             Temple (1/1) D:5
   Lair: D:8-11

Altars:
Ashenzari
Cheibriados
Fedhas
Gozag
Hepliaklqana
Kikubaaqudgha
Nemelex Xobeh
Okawaru
Ru
Trog
Uskayaw
Vehumet
Wu Jian
Xom
Yredelemnul
Zin

Shops:
D:4 ?   D:7 (


Innate Abilities, Weirdness & Mutations

You have a pair of horns on your head.
You reflexively headbutt those who attack you in melee.


Message History

You hit the two-headed ogre but do no damage.
The two-headed ogre is severely wounded.
The two-headed ogre barely misses you. You block the two-headed ogre's attack.
You hit the two-headed ogre.
You headbutt the two-headed ogre, but do no damage.
The two-headed ogre is severely wounded.
You barely miss the two-headed ogre. You headbutt the two-headed ogre.
The two-headed ogre is almost dead.
You block the two-headed ogre's attack. The two-headed ogre barely misses you.
Uskayaw will force your foes to helplessly watch your dance.
Uskayaw prepares the audience for your solo!
The helpless two-headed ogre fails to defend itself.
You stick the two-headed ogre like a pincushion!!!
You kill the two-headed ogre!
Your Short Blades skill increases to level 8!
Your Stealth skill increases to level 3!
Things that are here:
a +0 giant spiked club; a +0 giant spiked club; a two-headed ogre corpse You start resting.
A centaur comes into view. It is carrying a wand of light (6).
A centaur is nearby!
The centaur shouts!
The centaur wields a +0 shortbow.
The centaur shoots an arrow.
You block the arrow.
The centaur zaps a wand.
The bolt of light hits you!!
Things that are here:
a +0 giant spiked club; a +0 giant spiked club; a two-headed ogre corpse The centaur zaps a wand.
The bolt of light hits you!
* * * LOW HITPOINT WARNING * * *
The centaur shoots an arrow.
You block the arrow.
Found a stone staircase leading down.
The centaur unwields a +0 shortbow.
You block the centaur's attack. x2; The centaur closely misses you.
You block the centaur's attack.
You hit the centaur but do no damage. You headbutt the centaur.
The centaur is moderately wounded.
The centaur zaps a wand.
The bolt of light misses you.
You barely miss the centaur.
The centaur is moderately wounded.
The centaur zaps a wand.
The bolt of light hits you!!
You die...

.# .# .## ##.. #
...# #> #..#
#..######..#
#..c@..)...#
#.#######.## #.#
#.# #.# #####
#.####...#
#......#.####
.######...#.....
........#####...


You could see a centaur.

Vanquished Creatures
  A two-headed ogre (D:8)
  Joseph (D:7)
  A steam dragon (D:6)
  The ghost of supermoro the Shield-Bearer, an amateur GrFi (D:3)
  5 ice beasts
  3 ogres
  A phantom (D:6)
  Blork the orc (D:4)
  2 necrophages (D:5)
  3 bullfrogs (D:7)
  4 scorpions
  4 jellies
  5 hounds
  An orc priest (D:5)
  3 orc wizards
  8 gnolls
  6 adders
  3 ufetubi (D:5)
  3 dart slugs
  13 orcs
  6 endoplasms
  6 giant cockroaches
  15 goblins
  9 hobgoblins
  7 jackals
  4 kobolds
  3 quokkas
  7 ball pythons
  2 frilled lizards
  2 rats (D:2)
130 creatures vanquished.

Notes
Turn   | Place    | Note
-------+----------+-------------------------------------------
     0 | D:1      | Nedwor the Minotaur Fighter began the quest for the Orb.
     0 | D:1      | Reached XP level 1. HP: 19/19 MP: 0/0
   123 | D:1      | Reached XP level 2. HP: 17/27 MP: 1/1
   438 | D:1      | Reached XP level 3. HP: 29/33 MP: 2/2
   664 | D:1      | Reached skill level 1 in Dodging
  1655 | D:2      | Reached skill level 1 in Short Blades
  1655 | D:2      | Reached XP level 4. HP: 29/40 MP: 3/3
  1868 | D:2      | Found a faded altar of an unknown god.
  2461 | D:3      | Noticed supermoro's ghost (amateur GrFi)
  2462 | D:3      | Found a runed translucent door.
  2510 | D:3      | Reached XP level 5. HP: 8/47 MP: 4/4
  2789 | D:3      | Killed supermoro's ghost
  2790 | D:3      | Reached skill level 2 in Short Blades
  2847 | D:3      | Found a glowing drain.
  2970 | D:3      | Found an opulent altar of Gozag.
  3309 | D:4      | Reached skill level 3 in Short Blades
  3309 | D:4      | Reached XP level 6. HP: 48/53 MP: 5/5
  3600 | D:4      | Found Relaefa's Magic Scroll Shop.
  3699 | D:4      | Noticed Blork the orc
  3718 | D:4      | Killed Blork the orc
  3719 | D:4      | Reached skill level 5 in Armour
  3727 | D:4      | Reached skill level 5 in Fighting
  3727 | D:4      | Reached skill level 5 in Shields
  4066 | D:4      | Reached XP level 7. HP: 54/61 MP: 6/6
  4323 | D:5      | Entered Level 5 of the Dungeon
  4437 | D:5      | Reached skill level 4 in Short Blades
  4968 | D:5      | Found an ancient bone altar of Kikubaaqudgha.
  5003 | D:5      | Found a sacrificial altar of Ru.
  5161 | D:5      | Reached skill level 5 in Short Blades
  5302 | D:5      | Reached XP level 8. HP: 69/70 MP: 7/7
  5359 | D:5      | Found a staircase to the Ecumenical Temple.
  5370 | Temple   | Entered the Ecumenical Temple
  5424 | Temple   | Became a worshipper of Uskayaw the Reveller
  5519 | D:5      | Reached * piety under Uskayaw
  5614 | D:5      | Identified the +0 robe of the Invisible Mice {rPois rCorr}
  5642 | D:5      | Reached ** piety under Uskayaw
  5831 | D:6      | Found an ornate altar of the Wu Jian Council.
  5858 | D:6      | Found a sparkling altar of Nemelex Xobeh.
  5879 | D:6      | Reached *** piety under Uskayaw
  5881 | D:6      | Reached skill level 6 in Short Blades
  5958 | D:6      | Reached skill level 1 in Stealth
  5967 | D:6      | Reached **** piety under Uskayaw
  6068 | D:6      | Found a radiant altar of Vehumet.
  6124 | D:6      | HP: 3/71 [something (2)]
  6662 | D:7      | Reached XP level 9. HP: 74/78 MP: 8/8
  6667 | D:7      | Reached skill level 7 in Short Blades
  6928 | D:7      | Found Weonnun's Weapon Emporium.
  7085 | D:7      | Reached skill level 5 in Dodging
  7113 | D:7      | Noticed Joseph
  7130 | D:7      | Killed Joseph
  7422 | D:8      | Noticed a two-headed ogre
  7435 | D:8      | Killed a two-headed ogre
  7436 | D:8      | Reached skill level 8 in Short Blades
  7513 | D:8      | Killed from afar by a centaur

Illustrated notes

Levels and vault maps discovered:
D:1:      kennysheep_arrival_forest, layout_basic
D:2:      layout_loops_corners, ebering_ecumenical_altar_mist
D:3:      layout_basic, grunt_gozag_statues, portal_sewer_entry_a,
          gammafunk_ghost_grave
D:4:      layout_basic, serial_shops, shop, uniq_blork_the_orc
D:5:      layout_basic, mainiacjoe_overflow_two_lobes,
          minmay_temple_entry_antechambers
D:6:      layout_rooms, lemuel_crystal_altar, nicolae_wu_jian_wuxing_cycle,
          nemelex_spade_bored_becter, minmay_ogre_servants
D:7:      layout_rooms, serial_shops, shop_fountains, minmay_misc_feat_rugged,
          grunt_decor_resistance, uniq_joseph
D:8:      layout_loops_ring, kb_rosetta
Temple:   jpeg_temple_alley_garden

Skill      XL: |  1  2  3  4  5  6  7  8  9 |
---------------+----------------------------+-----
Long Blades    | 3 |  3.3
Armour         | 4 5 6 7 |  7.3
Dodging        | 1 2 3 4 5 |  5.5
Fighting       | 4 5 6 7 |  7.3
Shields        | 4 5 6 7 |  7.3
Short Blades   | 1 3 5 6 8 |  8.0
Stealth        | 1 3 |  3.0

Action                   |  1- 3 |  4- 6 |  7- 9 || total
-------------------------+-------+-------+-------++-------
Melee: Long sword        |    48 |       |       ||    48
       Headbutt          |    12 |    19 |    62 ||    93
       Dagger            |    30 |   106 |   159 ||   295
       Short sword       |       |       |    85 ||    85
  Use: Potion            |       |     1 |       ||     1
       Scroll            |       |       |    14 ||    14
 Stab: Paralysed         |       |       |     5 ||     5
       Distracted        |       |       |     1 ||     1
Armor: Scale mail        |    33 |    31 |    51 ||   115
       Chain mail        |       |       |     9 ||     9
Dodge: Dodged            |    24 |    34 |    36 ||    94
Block: Buckler           |    22 |    14 |       ||    36
       Kite shield       |       |    18 |    33 ||    51
       Tower shield      |       |       |   102 ||   102

Table legend: (Time is in decaauts)
 A = Elapsed time spent in this place.
 B = Non-inter-level travel time spent in this place.
 C = Inter-level travel time spent in this place.
 D = Time resting spent in this place.
 E = Time spent auto-exploring this place.
 F = Levels seen in this place.
 G = Mean time per level.
                   A        B        C        D        E       F      G
               +--------+--------+--------+--------+--------+-----+--------+
         Total |   7519 |   7212 |    307 |   1274 |   4931 |   9 |  835.4 |
       Dungeon |   7427 |   7157 |    270 |   1274 |   4890 |   8 |  928.4 |
        Temple |     91 |     54 |     37 |      0 |     41 |   1 |   91.0 |
               +--------+--------+--------+--------+--------+-----+--------+

Top non-repeatable levels by time:
     D:1: 1272 daAuts
     D:5: 1218 daAuts
     D:4: 1152 daAuts
     D:3: 1039 daAuts
     D:2: 953 daAuts
     D:6: 881 daAuts
     D:7: 792 daAuts
     D:8: 117 daAuts
  Temple: 91 daAuts
